 Dungeon Crawl Stone Soup version 0.28.0-53-g5a82cb258f (webtiles) character file.

Game seed: 15182695604319306022

23 astralcataclysm the Ruffian (level 2, -1/24 HPs)
             Began as a Draconian Transmuter on Aug 11, 2022.
             Was an Initiate of Ashenzari.
             Succumbed to an adder's poison
             ... on level 2 of the Dungeon.
             The game lasted 00:05:09 (1344 turns).

astralcataclysm the Ruffian (Draconian Transmuter)  Turns: 1344, Time: 00:05:09

Health: -1/24      AC:  4    Str: 12    XL:     2   Next: 72%
Magic:  3/5        EV: 12    Int: 13    God:    Ashenzari [......]
Gold:   79         SH:  0    Dex: 11    Spells: 3/6 levels left

rFire   . . .      SeeInvis .     - Unarmed
rCold   . . .      Faith    .   (no shield)
rNeg    + . .      Spirit   .   (armour unavailable)
rPois   .          Reflect  .   (helmet restricted)
rElec   .          Harm     .   (no cloak)
rCorr   .          Rampage  .   (no gloves)
Will    .....                   (no boots)
Stlth   +.........              (no amulet)
HPRegen 0.08/turn               e - ring of Ashenzari's Ordeal {rN+, Self, Alch} (curse)
MPRegen 0.09/turn               (no ring)

@: lethally poisoned (-1 -> -8), very slightly contaminated
A: AC +4, unfitting armour, cold-blooded
a: Renounce Religion, Shatter the Chains


You were on level 2 of the Dungeon.
You worshipped Ashenzari.
Ashenzari was noncommittal.
You visited 1 branch of the dungeon, and saw 2 of its levels.

You collected 79 gold pieces.

Inventory:

Missiles
 b - 2 javelins
Jewellery
 e - the cursed ring of Ashenzari's Ordeal (left hand) {rN+, Self, Alch}
   (You found it on level 1 of the Dungeon)

   [ring of positive energy]

   rN:        It protects you from negative energy.
   It has a curse which improves the following skills: Introspection: Fighting
   and Spellcasting.
   Alchemy:   Poison Magic and Transmutations.
Scrolls
 c - a scroll of magic mapping {unknown}
 d - a scroll of noise {unknown}
 f - a scroll of fog {unknown}
 g - a scroll of teleportation {unknown}


   Skills:
 * Level 1.7(2.0) Fighting
 + Level 0.3 Throwing
 + Level 2.0 Dodging
 + Level 0.3 Stealth
 + Level 3.1 Unarmed Combat
 * Level 2.2(2.6) Spellcasting
 + Level 2.2(2.5) Transmutations


You had 3 spell levels left.
You knew the following spells:

 Your Spells              Type           Power      Damage    Failure   Level
a - Beastly Appendage     Tmut           16%        N/A       9%          1
b - Wereblood             Tmut           8%         N/A       13%         2

Your spell library contained the following spells:

 Spells                   Type           Power      Damage    Failure   Level
 Passwall                 Tmut/Erth      4%         N/A       22%         2
 Ensorcelled Hibernation  Hex/Ice        2%         N/A       36%         2
 Spider Form              Tmut/Pois      5%         N/A       38%         3
 Swiftness                Air            1%         N/A       58%         3
 Ice Form                 Ice/Tmut       5%         N/A       80%         4


Dungeon Overview and Level Annotations

Branches:
Dungeon (2/15)

Altars:
Ashenzari

Shops:
D:1 (


Innate Abilities, Weirdness & Mutations

Your plain brown scales are hard. (AC +4)
You cannot fit into any form of body armour.
You are cold-blooded and may be slowed by cold attacks.


Message History

* * * LOW HITPOINT WARNING * * *
You miss the adder. Your headbutt misses the adder.
The adder is heavily wounded.
The adder barely misses you.
You hit the adder. Your headbutt misses the adder.
The adder is severely wounded.
The adder barely misses you. The dart slug launches a dart at you.
The slug dart hits you but does no damage.
The adder closely misses you.
You miss the adder. Your kick misses the adder.
The adder is severely wounded.
The adder bites you but does no damage.
You hit the adder but do no damage. Your kick misses the adder.
Your headbutt misses the adder.
The adder is severely wounded.
The adder bites you but does no damage.
You hit the adder. Your headbutt misses the adder.
The adder is severely wounded.
Your horns disappear.
Your talons disappear.
The adder barely misses you.
Casting: Beastly Appendage (safe; 9% risk of failure)
Confirm with . or Enter, or press ? or * to list all spells.
You miscast Beastly Appendage.
You are very lightly contaminated with residual magic.
Nothing appears to happen.
The adder bites you.
* * * LOW HITPOINT WARNING * * *
The adder bites you but does no damage.
You closely miss the adder.
The adder is severely wounded.
The adder bites you.
* * * LOW HITPOINT WARNING * * *
You are lethally poisoned!
The adder poisons you! The dart slug launches a dart at you.
The slug dart hits you.
* * * LOW HITPOINT WARNING * * *
You hit the adder.
You kill the adder!
You die...

#..#...#.... #
#.........# #
#.##......#..###.#
####................#
......#.#...<........
......#.##.#.....##.#
...................#
.###..#...w..........
........##@..........
......#.##..#.#......
.##.. ...............
#. .#.##....#.###..
.. ....##....#.# # ..
.. ......... . . ...
#.###...#. ... ...
...#..


You could see a dart slug.

Vanquished Creatures
  An adder (D:2)
  A dart slug (D:1)
  An endoplasm (D:1)
  2 goblins (D:1)
  4 hobgoblins (D:1)
  3 ball pythons
  3 bats
  A frilled lizard (D:1)
  3 kobolds (D:1)
  A rat (D:1)
20 creatures vanquished.

Notes
Turn   | Place    | Note
-------+----------+-------------------------------------------
     0 | D:1      | astralcataclysm the Draconian Transmuter began the quest
                  | for the Orb.
     0 | D:1      | Reached XP level 1. HP: 16/16 MP: 3/3
   643 | D:1      | Found Leletu's Antique Weapon Shoppe.
   717 | D:1      | Reached XP level 2. HP: 23/23 MP: 3/5
   720 | D:1      | Learned a level 2 spell: Wereblood
   944 | D:1      | Found a faded altar of an unknown god.
  1246 | D:1      | Prayed at the altar of an unknown god.
  1246 | D:1      | Became a worshipper of Ashenzari the Shackled
  1343 | D:2      | HP: 1/24 [dart slug/slug dart (2)]
  1344 | D:2      | Succumbed to an adder's poison

Illustrated notes

Levels and vault maps discovered:
D:1:      lightli_arrival_maybe_door_vault, layout_basic,
          shapermc_ecumenical_altar_hornbeckon, serial_shops,
          nicolae_shop_window_shopping
D:2:      layout_basic, serial_shops, shop

Skill      XL: |  1  2 |
---------------+-------+-----
Dodging        | 2 |  2.0
Fighting       | |  1.7
Throwing       | |  0.3
Stealth        | |  0.3
Unarmed Combat | |  3.1
Spellcasting   | |  2.2
Transmutations | |  2.2

Action                   || total
-------------------------++-------
Melee: Unarmed           ||    59
       Kick              ||     5
       Headbutt          ||     6
       Tailslap          ||     5
 Cast: Beastly Appendage ||    14
Invok: Curse Item        ||     1
  Use: Potion            ||     2
Armor: Skin              ||    15
Dodge: Dodged            ||    51
